 Dungeon Crawl Stone Soup version 0.29.1-15-g9cfb28693d (webtiles) character file.

Game seed: 11930358842924998912

8045 shadizar the Blocker (level 11, -14/71 HPs)
             Began as a Gargoyle Fighter on Mar 17, 2023.
             Was a Follower of the Shining One.
             Killed from afar by a lindwurm (40 damage)
             ... with a blast of flame
             ... on level 9 of the Dungeon.
             The game lasted 00:23:35 (8446 turns).

shadizar the Blocker (Gargoyle Fighter)             Turns: 8446, Time: 00:23:35

Health: -14/71     AC: 27    Str: 23    XL:     11   Next: 24%
Magic:  10/11      EV: 26    Int: 10    God:    the Shining One [*.....]
Gold:   538        SH: 23    Dex:  9    Spells: 10/10 levels left

rFire   . . .      SeeInvis .   c - +5 morningstar
rCold   . . .      Faith    .   K - +7 kite shield of a wizard's laboratory {Slay+2}
rNeg    + . .      Spirit   .   J - +4 ring mail
rPois   ∞          Reflect  .   n - +1 helmet
rElec   +          Harm     .   g - +0 cloak
rCorr   .          Rampage  .   p - +2 pair of gloves
Will    +....                   a - +0 pair of boots
Stlth   ..........              h - amulet of the acrobat
HPRegen 0.21/turn               t - ring of Lifoeroh {rPois Will+ Slay+2}
MPRegen 0.12/turn               (no ring)

@: divinely shielded, acrobatic, glowing
A: sickness immunity, AC +8, negative energy resistance 1, electricity
resistance, torment resistance 1, petrification resistance
a: Renounce Religion, Divine Shield


You were on level 9 of the Dungeon.
You worshipped the Shining One.
The Shining One was aware of your devotion.
You visited 3 branches of the dungeon, and saw 11 of its levels.

You collected 538 gold pieces.

Inventory:

Hand Weapons
 c - a +5 morningstar (weapon)
 d - a +2 scythe of venom
 i - a +2 dagger of speed
 B - a +0 vorpal flail
 D - a +2 whip of freezing
 I - a +3 mace
Armour
 a - a +0 pair of boots (worn)
 b - a +2 robe of fire resistance
 g - a +0 cloak (worn)
 n - a +1 helmet (worn)
 o - +0 ice dragon scales
 p - a +2 pair of gloves (worn)
 H - the +0 robe "Fephakh" {Rampage rPois rN+ Stlth-}
   (You found it on level 7 of the Dungeon)

   rPois:     It protects you from poison.
   rN:        It protects you from negative energy.
   Rampage:   It bestows one free step when moving towards enemies.
   Stlth:     It makes you less stealthy.
 J - a +4 ring mail (worn)
 K - the +7 kite shield of a wizard's laboratory (worn) {Slay+2}
   (You acquired it on level 7 of the Dungeon)

   Slay:      It affects your accuracy & damage with ranged weapons and melee
   (+2).
Jewellery
 h - an amulet of the acrobat (around neck)
 t - the ring of Lifoeroh (left hand) {rPois Will+ Slay+2}
   (You found it on level 2 of the Dungeon)

   [ring of willpower]

   Slay:      It affects your accuracy & damage with ranged weapons and melee
   (+2).
   rPois:     It protects you from poison.
   Will:      It increases your willpower.
Wands
 q - a wand of charming (14)
 v - a wand of roots (30)
 w - a wand of digging (5)
 L - a wand of flame (8)
Scrolls
 e - 4 scrolls of identify
 f - 6 scrolls of teleportation
 k - 2 scrolls of butterflies
 l - a scroll of vulnerability
 F - 2 scrolls of acquirement
Potions
 j - 3 potions of resistance
 m - a potion of attraction {unknown}
 r - a potion of ambrosia
 u - 3 potions of mutation
 x - 5 potions of heal wounds
 A - 4 potions of curing
 C - a potion of brilliance {unknown}
 E - a potion of haste
 G - a potion of berserk rage


   Skills:
 + Level 9.1 Fighting
 + Level 8.3 Maces & Flails
 + Level 8.9 Armour
 + Level 6.1 Dodging
 - Level 0.3 Stealth
 + Level 9.1 Shields


You had 10 spell levels left.
You didn't know any spells.
Your spell library contained the following spells:

 Spells                   Type           Power      Damage    Failure   Level
 Apportation              Tloc           0%         N/A       78%         1
 Magic Dart               Conj           0%         1d3       78%         1
 Necrotise                Necr           0%         1d4       78%         1
 Sandblast                Erth           0%         2d4       78%         1
 Summon Small Mammal      Summ           0%         N/A       78%         1
 Call Imp                 Summ           0%         N/A       89%         2
 Ensorcelled Hibernation  Hex/Ice        0%         N/A       89%         2
 Passwall                 Tmut/Erth      0%         N/A       89%         2
 Conjure Flame            Conj/Fire      0%         6-21      98%         3
 Gell's Gravitas          Tloc           0%         N/A       98%         3
 Ignite Poison            Fire/Tmut/Pois 0%         N/A       98%         3
 Mephitic Cloud           Conj/Pois/Air  0%         N/A       98%         3
 Spider Form              Tmut/Pois      0%         N/A       98%         3
 Stone Arrow              Conj/Erth      0%         3d7       98%         3
 Teleport Other           Tloc           0%         N/A       98%         3
 Anguish                  Hex/Necr       0%         N/A       100%        4
 Hailstorm                Conj/Ice       0%         3d3       100%        4
 Ice Form                 Ice/Tmut       0%         N/A       100%        4
 Sticky Flame             Conj/Fire      0%         2d3       100%        4
 Dispersal                Tloc           0%         N/A       100%        6
 Simulacrum               Ice/Necr       0%         N/A       100%        6


Dungeon Overview and Level Annotations

Branches:
Dungeon (9/15)             Temple (1/1) D:7            Lair (1/5) D:9
    Orc: D:9-12

Altars:
Cheibriados
Elyvilon
Fedhas
Gozag
Hepliaklqana
Makhleb
Nemelex Xobeh
Qazlal
Ru
Sif Muna
Trog
Uskayaw
Vehumet
Wu Jian
Xom
Yredelemnul
Zin
The Shining One

Shops:
D:6 *


Innate Abilities, Weirdness & Mutations

You are immune to sickness and miasma.
Your stone body is resilient. (AC +8)
You are immune to poison.
You resist negative energy. (rN+)
You are resistant to electric shocks. (rElec)
You are resistant to unholy torment.
You are immune to petrification.


Message History

You bludgeon the water moccasin!!
You kill the water moccasin!
The basilisk bites you! You block the yak's attack. x2
You block the basilisk's attack. The yak gores you but does no damage.
A lindwurm comes into view.
You see here a yak corpse.
The yak attacks as you move away! You block the yak's attack.
The lindwurm attacks as you move away! You block the lindwurm's attack.
The lindwurm closely misses you. The lindwurm completely misses you.
The sentinel's mark upon you fades away.
The basilisk completely misses you. The yak attacks as you move away!
The yak gores you but does no damage. The lindwurm attacks as you move away!
You block the lindwurm's attack.
The lindwurm claws you but does no damage.
You block the lindwurm's attack. The basilisk gazes at you.
You resist with almost no effort. The basilisk attacks as you move away!
You block the basilisk's attack. The lindwurm attacks as you move away!
You block the lindwurm's attack. x2
The lindwurm completely misses you. The basilisk attacks as you move away!
You block the basilisk's attack.
A polar bear comes into view.
There is a stone staircase leading down here.
The basilisk hisses menacingly.
There is a staircase back to the Dungeon here.
You block the lindwurm's attack.
The lindwurm claws you but does no damage.
You block the lindwurm's attack. The basilisk gazes at you.
You resist with almost no effort.
You climb upwards.
Welcome back to the Dungeon!
There is a staircase to the Lair here.
The lindwurm attacks as you move away! You block the lindwurm's attack. x2
The lindwurm closely misses you. The basilisk gazes at you.
You resist with almost no effort. The lindwurm breathes flames at you.
The blast of flame hits you!!!
Ouch! That really hurt!
You die...

##.## ##.# #.. #..# #.# ###
#####'#### ###'## #..
#........# #....### #..
#........#####....'.#######..
#........##..'....#.......+..
#....####.....#############..
#....##.........## #..
#....#..P...@....## #..
##+.#......k......## #.<
#.........l.......# ###
#.##...P..........# ##
#.###.......P...#.# #.
#..###.........##.# ####.
######'#####.....####.# #....
#..........[##.+......# #....
#...........#..#......# #....


You could see a lindwurm (catching breath) and a basilisk.

Vanquished Creatures
  A two-headed ogre (D:9)
  Pikel (D:6)
  A cane toad (Lair:1)
  A komodo dragon (Lair:1)
  2 hornets
  Sigmund (D:6)
  12 yaks
  2 steam dragons
  2 wargs (D:9)
  Menkaure (D:4)
  An acid dragon (D:9)
  3 water moccasins
  An orc warrior (D:9)
  2 sky beasts
  An ice beast (D:8)
  An ogre (D:7)
  A phantom (D:6)
  A kobold brigand (D:7)
  Blork the orc (D:6)
  2 bullfrogs (D:9)
  4 scorpions
  A necrophage (D:6)
  2 wyvern zombies (D:6)
  5 wights (D:8)
  10 killer bees
  7 howler monkeys
  A lava snake (D:9)
  2 centaur zombies (D:6)
  3 hounds
  A gnoll bouda (D:8)
  5 orc priests
  2 centaur skeletons (D:6)
  A bullfrog skeleton (D:6)
  6 iguanas
  5 orc wizards
  A killer bee zombie (D:6)
  9 gnolls
  6 adders
  3 white imps
  3 dart slugs
  23 orcs
  3 endoplasms (D:1)
  5 giant cockroaches
  5 goblins
  4 hobgoblins
  10 quokkas
  3 ball pythons
  6 bats
  3 frilled lizards
  9 kobolds
  6 rats
192 creatures vanquished.

Vanquished Creatures (others)
  3 fungi (D:1)
  A plant (Lair:1)
4 creatures vanquished.

Grand Total: 196 creatures vanquished

Notes
Turn   | Place    | Note
-------+----------+-------------------------------------------
     0 | D:1      | shadizar the Gargoyle Fighter began the quest for the Orb.
     0 | D:1      | Reached XP level 1. HP: 14/14 MP: 1/1
   441 | D:1      | Reached XP level 2. HP: 17/19 MP: 2/2
   675 | D:1      | Reached XP level 3. HP: 24/24 MP: 3/3
   731 | D:1      | Found a faded altar of an unknown god.
  1445 | D:2      | Found an ornate altar of the Wu Jian Council.
  1480 | D:2      | Identified the ring of Lifoeroh {rPois Will+ Slay+2}
  1676 | D:3      | Reached XP level 4. HP: 29/29 MP: 4/4
  1681 | D:3      | Reached skill level 1 in Dodging
  1755 | D:3      | Noticed a scorpion
  1772 | D:3      | Killed a scorpion
  1773 | D:3      | Reached XP level 5. HP: 28/33 MP: 5/5
  1834 | D:3      | Found a sacrificial altar of Ru.
  2468 | D:4      | Noticed Menkaure
  2480 | D:4      | Killed Menkaure
  2481 | D:4      | Reached XP level 6. HP: 11/39 MP: 6/6
  2855 | D:4      | Reached XP level 7. HP: 43/44 MP: 7/7
  3360 | D:5      | Entered Level 5 of the Dungeon
  3694 | D:5      | Reached skill level 5 in Shields
  4259 | D:5      | Reached skill level 5 in Fighting
  4513 | D:6      | Found Zin's Purification Station.
  4516 | D:6      | Found a glowing silver altar of Zin.
  4590 | D:6      | Reached skill level 5 in Armour
  4594 | D:6      | Reached XP level 8. HP: 14/49 MP: 8/8
  4605 | D:6      | Reached skill level 5 in Maces & Flails
  4980 | D:6      | Noticed Blork the orc
  4997 | D:6      | Killed Blork the orc
  5210 | D:6      | Found an ornate altar of the Wu Jian Council.
  5311 | D:6      | Noticed Sigmund
  5375 | D:6      | Killed Sigmund
  5566 | D:6      | Noticed Pikel
  5582 | D:6      | Killed Pikel
  5583 | D:6      | Reached XP level 9. HP: 47/56 MP: 9/9
  5990 | D:7      | Found a staircase to the Ecumenical Temple.
  6000 | Temple   | Entered the Ecumenical Temple
  6079 | Temple   | Became a worshipper of the Shining One
  6229 | D:7      | Identified the +0 robe "Fephakh" {Rampage rPois rN+ Stlth-}
  6234 | D:7      | Noticed a hornet
  6252 | D:7      | Killed a hornet
  6568 | D:7      | Identified 3 scrolls of acquirement
  6568 | D:7      | Acquired the +7 kite shield of a wizard's laboratory
                  | {Slay+2}
  6833 | D:8      | Reached XP level 10. HP: 37/63 MP: 10/10
  7199 | D:8      | Found a burning altar of Makhleb.
  7210 | D:8      | Reached * piety under the Shining One
  7272 | D:8      | Reached skill level 5 in Dodging
  7515 | D:9      | Found a staircase to the Lair.
  8058 | D:9      | Noticed a two-headed ogre
  8067 | D:9      | Killed a two-headed ogre
  8068 | D:9      | Reached XP level 11. HP: 69/69 MP: 11/11
  8389 | Lair:1   | Entered Level 1 of the Lair of Beasts
  8431 | Lair:1   | Noticed a lindwurm
  8435 | Lair:1   | Noticed a lindwurm
  8446 | D:9      | Killed from afar by a lindwurm

Illustrated notes

Levels and vault maps discovered:
D:1:      minmay_arrival_four_loops, layout_rooms,
          shapermc_ecumenical_altar_notcrosses, dreamdust_mushroom_princess,
          st_stairs_4
D:2:      layout_basic, basic_altar, item_on_display_a
D:3:      layout_rooms, nicolae_ru_the_path_less_chosen,
          minmay_misc_feat_secret_circle, chequers_arboretum,
          wander_ebering_terrifying_dragon_lair
D:4:      layout_loops_ring, uniq_menkaure
D:5:      layout_loops_cross, kennysheep_generic_room_15
D:6:      layout_basic, mainiacjoe_overflow_alcove_1, zin_purify,
          gup_sewer_entry_pipe, serial_undead, serial_undead_d, serial_undead_c,
          serial_undead_a, serial_undead_e, uniq_blork_the_orc, uniq_pikel,
          uniq_sigmund
D:7:      layout_rooms, minmay_temple_entry_poolview, minivault_25
D:8:      layout_rooms, mainiacjoe_overflow_catwalk, minmay_misc_feat_rugged
D:9:      layout_roguey, erik_lair_orcish_takeover, kennysheep_generic_room_4
Temple:   nicolae_temple_ecumenical_triangle
Lair:1:   layout_concentric_octagons, basic_altar, nicolae_lair_lindhole,
          serial_bayou_shore_b, serial_bayou_shore_a

Skill      XL: |  1  2  3  4  5  6  7  8  9 10 11 |
---------------+----------------------------------+-----
Fighting       | 4 5 6 7 8 9 |  9.1
Dodging        | 1 2 4 5 6 |  6.1
Maces & Flails | 3 4 6 8 |  8.3
Shields        | 4 5 6 7 8 9 |  9.1
Armour         | 4 5 6 7 8 |  8.9
Stealth        | |  0.3

Action                   |  1- 3 |  4- 6 |  7- 9 | 10-12 || total
-------------------------+-------+-------+-------+-------++-------
Melee: Flail             |    93 |   108 |   333 |       ||   534
       Morningstar       |       |       |    28 |   153 ||   181
Invok: Divine Shield     |       |       |       |     2 ||     2
  Use: Scroll            |     6 |     1 |    10 |       ||    17
       Potion            |       |     2 |     2 |       ||     4
Armor: Scale mail        |    59 |    72 |     4 |       ||   135
       Chain mail        |       |       |   230 |    38 ||   268
       Ring mail         |       |       |       |    23 ||    23
Dodge: Dodged            |    52 |    62 |   176 |    56 ||   346
Block: Buckler           |    23 |    20 |    85 |       ||   128
       Kite shield       |       |       |    60 |   172 ||   232
